AoeStats
← Erickinio

Arena

507781453Analyzed
3v3 RM · 14d ago on Sep 19, 2026· 47m 46s· 6 players
Game mode
Random Map
Map size
Normal (6 player)
Population
200
Speed
Normal
Resources
Standard
Victory
Conquest
Starting age
Dark Age
Ending age
Imperial Age
RankedLock teamsTeams togetherTeam positionsShared explorationLock speedFull tech treeHidden civsTurbo modeCheats
Victory
Defeat
🇦🇷 Celts · Argentina
783
+15
🇧🇷 Dravidians · Brazil
759
+16
🇦🇷 Persians · Argentina
712
+18
🇨🇿 Teutons · Czechia
791
-18
🇪🇨 Romans · Ecuador
784
-17
🇰🇿 Slavs · Kazakhstan
701
-14
grug
10:44 Feudal Age
11:17 Double-Bit Axe
19:24 Castle Age
18:32 Horse Collar
21:52 Fletching
25:11 Bodkin Arrow
25:17 Padded Archer Armor
26:35 Gold Mining
37:18 Forging
37:09 Scale Mail Armor
37:28 Heavy Plow
38:03 Bow Saw
47:49 Imperial Age
46:36 Chain Mail Armor
47:12 Wheelbarrow
Erickinio
10:55 Feudal Age
12:13 Feudal Age
13:00 Arson
13:11 Man-at-Arms
14:17 Forging
18:10 Gold Mining
18:10 Stone Mining
20:45 Scale Mail Armor
22:42 Loom
23:45 Double-Bit Axe
26:12 Horse Collar
28:16 Wheelbarrow
31:39 Fletching
32:11 Padded Archer Armor
32:43 Stone Mining
37:03 Castle Age
37:10 Long Swordsman
37:35 Gambesons
38:28 Iron Casting
40:03 Chain Mail Armor
42:33 Bow Saw
43:45 Murder Holes
43:44 Stronghold
45:28 Heavy Plow
45:11 Treadmill Crane
46:01 Bow Saw
48:41 Imperial Age
47:04 Hand Cart
46:34 Town Watch
47:20 Town Patrol
47:41 Bodkin Arrow
48:01 Leather Archer Armor
48:00 Masonry
48:02 Fortified Wall
gonzalezf.juancho
0:51 Loom
11:10 Feudal Age
17:46 Castle Age
17:12 Double-Bit Axe
17:09 Horse Collar
17:24 Gold Mining
18:54 Bow Saw
19:23 Husbandry
19:34 Bloodlines
21:43 Scale Barding Armor
22:18 Town Watch
22:38 Heavy Plow
23:52 Fervor
24:08 Forging
25:02 Fletching
26:42 Chain Barding Armor
26:29 Stone Mining
29:23 Town Patrol
31:05 Wheelbarrow
32:31 Scale Mail Armor
33:07 Iron Casting
32:57 Hand Cart
35:53 Chain Mail Armor
38:27 Bodkin Arrow
41:04 Imperial Age
39:46 Ballistics
39:37 Masonry
39:23 Murder Holes
39:32 Padded Archer Armor
39:59 Kamandaran
40:19 Heated Shot
41:57 Plate Barding Armor
40:45 Cavalier
42:30 Chemistry
42:35 Two-Man Saw
42:07 Crop Rotation
42:16 Gold Shaft Mining
42:19 Stone Shaft Mining
43:27 Architecture
42:22 Savar
44:58 Plate Mail Armor
45:29 Blast Furnace
45:49 Conscription
45:45 Citadels
MonoKiller19892
2:43 Loom
14:03 Feudal Age
15:03 Man-at-Arms
19:45 Wheelbarrow
19:07 Fletching
19:17 Scale Mail Armor
20:42 Double-Bit Axe
25:52 Horse Collar
32:52 Castle Age
32:34 Forging
33:21 Pikeman
starekchess
1:55 Loom
10:05 Feudal Age
10:39 Double-Bit Axe
18:55 Castle Age
17:45 Horse Collar
17:31 Man-at-Arms
18:27 Forging
26:41 Pikeman
27:22 Squires
32:19 Elite Skirmisher
40:57 Imperial Age
Pawel
12:52 Feudal Age
14:25 Wheelbarrow
13:38 Double-Bit Axe
13:36 Horse Collar
13:52 Gold Mining
17:57 Man-at-Arms
25:03 Scale Mail Armor
25:13 Forging
24:54 Fletching
25:05 Padded Archer Armor
33:54 Castle Age
34:02 Long Swordsman
38:56 Elite Skirmisher
43:09 Fortified Wall
44:03 Masonry
46:16 Iron Casting
45:57 Chain Mail Armor
45:38 Bodkin Arrow
Connection lost

Rejoining the realm…

Still unreachable

The connection could not be restored.

Session expired

The server has moved on; the page needs a fresh start.